 Dungeon Crawl Stone Soup version 0.30.1-9-gdf580d7c3d (webtiles) character file.

Game seed: 6220168863263654236

60830 eliilek the Warrior (level 14, -2/135 HPs)
             Began as a Minotaur Fighter on Sept 24, 2023.
             Was a High Priest of Trog.
             Slain by a faun
             ... wielding a +0 quarterstaff
              (30 damage)
             ... on level 1 of the Shoals on Sept 26, 2023.
             The game lasted 01:01:14 (15784 turns).

eliilek the Warrior (Minotaur Fighter)             Turns: 15784, Time: 01:01:15

Health: -2/135     AC: 30    Str: 26    XL:     14   Next: 58%
Magic:  22/22      EV: 11    Int:  5    God:    Trog [*****.]
Gold:   1477       SH: 15    Dex: 16    Spells: 13/13 levels left

rFire   + . .        n - +3 hammer of the Threshing Augurer {flame, Will- Str+2 Dex+4}
rCold   + . .        N - +1 kite shield {AC+3}
rNeg    . . .        O - +8 plate armour of Toothy New Discoveries {MP+9}
rPois   .            T - +1 hat
rElec   .            I - scarf {rC+ rF+}
rCorr   .            j - +0 pair of gloves
SInv    +            (no boots)
Will    +....        u - amulet of regeneration Stlth
                     e - +4 ring of slaying
HPRegen 2.22/turn    J - ring of see invisible
MPRegen 0.18/turn

%: no passive effects
@: lit by a corona, weak-willed, afraid, strong-willed, mesmerised,
regenerating, glowing
A: horns 2, retaliatory headbutt
a: Renounce Religion, Berserk, Trog's Hand, Brothers in Arms


You were on level 1 of the Shoals.
You worshipped Trog.
Trog was extremely pleased with you.
You visited 3 branches of the dungeon, and saw 16 of its levels.
You also visited: Sewer, Ossuary and Bailey.

You collected 1966 gold pieces.
You spent 489 gold pieces at shops.

Inventory:

Hand Weapons
 n - the +3 hammer of the Threshing Augurer (weapon) {flame, Will- Str+2 Dex+4}
   (You found it on level 2 of the Dungeon)

   Str:       It affects your strength (+2).
   Dex:       It affects your dexterity (+4).
   Will:      It decreases your willpower.
Missiles
 k - 47 poisoned darts (quivered)
 A - 4 curare-tipped darts
 G - 2 atropa-tipped darts
 K - 7 throwing nets
Armour
 j - a +0 pair of gloves (worn)
 I - a scarf of resistance (worn)
 N - a +1 kite shield of protection (worn)
 O - the +8 plate armour of Toothy New Discoveries (worn) {MP+9}
   (You found it on level 8 of the Dungeon)

   MP:        It affects your magic capacity (+9).
 T - a +1 hat (worn)
Jewellery
 e - a +4 ring of slaying (left hand)
 h - a ring of poison resistance
 u - an amulet of regeneration (around neck)
 x - a ring of ice
 E - a ring of protection from cold
 J - a ring of see invisible (right hand)
 S - an amulet of the acrobat
 U - a ring of flight
Wands
 c - a wand of charming (19)
 D - a wand of mindburst (6)
 F - a wand of flame (47)
 L - a wand of iceblast (11)
 P - a wand of polymorph (3)
Scrolls
 a - 2 scrolls of butterflies
 b - 2 scrolls of fear
 g - 2 scrolls of acquirement
 i - 3 scrolls of magic mapping
 l - a scroll of blinking
 p - 2 scrolls of silence
 r - a scroll of enchant armour
 y - 3 scrolls of teleportation
 C - 3 scrolls of fog
 M - 4 scrolls of enchant weapon
 Q - a scroll of identify
 R - 2 scrolls of brand weapon
Potions
 d - 8 potions of might
 f - 4 potions of invisibility
 m - 6 potions of cancellation
 o - 4 potions of haste
 q - 10 potions of heal wounds
 s - 2 potions of berserk rage
 t - 9 potions of curing
 v - 2 potions of ambrosia
 z - 6 potions of mutation
 B - a potion of resistance
 H - 2 potions of flight


   Skills:
 + Level 15.5 Fighting
 * Level 14.8 Maces & Flails
 + Level 15.4 Armour
 - Level 8.0 Dodging
 + Level 15.4 Shields


You had 13 spell levels left.
You didn't know any spells.
Your spell library was empty.

Dungeon Overview and Level Annotations

Branches:
Dungeon (10/15)            Temple (0/1) D:6            Lair (5/5) D:8
 Shoals (1/4) Lair:2        Snake (0/4) Lair:2        Slime (0/5) Lair:4
  Sewer (visited)         Ossuary (visited)          Bailey (visited)
    Orc: D:9-12

Altars:
Ashenzari
Trog
Vehumet
Zin
The Shining One
Jiyva

Shops:
D:3 *   D:6 *   D:9 *

Annotations:
D:8 exclusion: ice statue


Innate Abilities, Weirdness & Mutations

You have a pair of horns on your head.
You reflexively headbutt those who attack you in melee.


Message History

The water nymph points at you and mumbles some strange words.
The water swirls and strikes you!
You barely miss the water nymph.
The water nymph is almost dead.
The faun no longer looks unusually strong.
The merfolk siren chants its luring song.
The satyr shoots an arrow.
You block the arrow.
The faun splashes around in the water.
You bludgeon the water nymph!! You burn the water nymph.
You kill the water nymph!
Trog accepts your kill.
Trog appreciates your killing of a magic user.
The centaur shoots an arrow.
You block the arrow. The merfolk siren misses you.
A faun comes into view. It is wielding a +0 quarterstaff.
The merfolk siren chants its luring song.
The satyr shoots an arrow.
The arrow hits you. The arrow burns you.
You hear a shout!
You closely miss the water nymph.
The faun hits you from afar with a +0 spear!
* * * LOW HITPOINT WARNING * * *
The faun closely misses you. You furiously retaliate!
You headbutt the faun! The water nymph touches you. The water nymph drowns you!
* * * LOW HITPOINT WARNING * * *
The merfolk siren chants a haunting song.
The merfolk siren chants its luring song.
You feel much better.
The satyr shoots an arrow.
The arrow completely misses you. The faun casts a spell at you.
Your willpower is stripped away!
The faun hits you from afar with a +0 spear.
* * * LOW HITPOINT WARNING * * *
The merfolk siren chants its luring song.
The water nymph touches you. The water nymph drowns you!
* * * LOW HITPOINT WARNING * * *
The merfolk siren chants its luring song.
You closely miss the faun.
The faun is moderately wounded.
The satyr shoots an arrow.
You block the arrow.
The faun hits you with a +0 quarterstaff!!
You die...

.......~~~~~~~~~~~.~≈≈≈≈
........~~~~~~~~~~~~~≈≈≈
........~~~~~~~~~~~~~~~~
........~~~~~~)~~~~~~~.~
........~~~~~..†..~~~~~~
.......~~~~~...##...~~~~
.≈≈≈≈##.##≈≈≈≈≈≈≈#...~~~
≈≈# ##.#######≈≈...~~~
#@## ##≈...~≈≈
#...cccmc.♣ #≈.~.~≈≈
#≈...mccc~..... #≈~~..~≈
≈.....~~~...... #≈~^.###
#.......♣...≈.###≈...###
≈≈≈≈..♣♣♣♣.≈≈.~#≈≈~...#.
≈≈≈≈~♣ ≈≈≈≈c#≈≈~~..##
≈≈≈≈~ ≈≈m≈~#≈≈~~~..#
#≈≈~~..##


You could see a satyr (scary), 4 fauns, 2 merfolk sirens, a water nymph and 3
centaurs.

Vanquished Creatures
  Gastronok (D:10)
  An eleionoma (Shoals:1)
  A merfolk impaler (Shoals:1)
  A vault guard (Bailey)
  A hydra (Lair:3)
  2 boulder beetles
  A merfolk avatar (Lair:5)
  A tengu warrior (D:8)
  8 death yaks
  5 skysharks
  A deep troll (Lair:1)
  2 sea snakes
  A faun (Shoals:1)
  5 manticores
  Maurice (D:9)
  3 black mambas
  A merfolk siren (Shoals:1)
  12 elephants
  A water nymph (Shoals:1)
  A torpor snail (Lair:5)
  8 cane toads
  An unseen horror (D:10)
  A rime drake (Lair:5)
  17 komodo dragons
  A tengu conjurer (D:8)
  3 polar bears
  2 wind drakes (Lair:5)
  12 blink frogs
  12 dream sheep (Lair:5)
  A snapping turtle (Shoals:1)
  3 slime creatures
  Sigmund (D:5)
  10 wyverns
  A water elemental (Shoals:1)
  A wraith (D:8)
  58 yaks
  Grum (D:9)
  3 steam dragons
  7 humans (Bailey)
  Menkaure (Ossuary)
  2 acid dragons
  13 water moccasins
  Duvessa (D:5)
  An ice beast (D:6)
  2 sky beasts (D:7)
  A black bear (D:7)
  12 wolves
  4 centaurs
  2 phantoms
  6 kobold brigands
  17 bullfrogs
  2 gnoll sergeants
  6 scorpions
  3 wights (D:9)
  Dowan (D:5)
  7 killer bees
  6 howler monkeys
  4 electric eels (D:10)
  7 hounds
  7 jellies
  Crazy Yiuf (D:2)
  7 orc priests
  2 gnoll boudas
  A sleepcap (D:7)
  5 iguanas
  Terence (D:3)
  14 orc wizards
  12 hell rats
  4 mummies
  19 gnolls
  18 adders
  6 river rats (Sewer)
  A shadow imp (D:6)
  4 white imps
  2 ufetubi
  2 worms
  3 dart slugs
  32 orcs
  6 ball pythons
  3 bats
  6 endoplasms
  4 giant cockroaches
  6 gnoll zombies (Ossuary)
  13 goblins
  5 hobgoblins
  6 jackals
  28 kobolds
  5 quokkas
  6 frilled lizards
  8 gnoll skeletons (Ossuary)
  2 goblin skeletons (Ossuary)
  4 goblin zombies (Ossuary)
  6 hobgoblin skeletons (Ossuary)
  5 hobgoblin zombies
  4 kobold skeletons (Ossuary)
  3 orc skeletons (Ossuary)
  4 orc zombies
  32 rats
  2 rat skeletons (Ossuary)
  8 rat zombies (Ossuary)
598 creatures vanquished.

Vanquished Creatures (collateral kills)
  A vault guard (Bailey)
  3 death yaks (Lair:5)
  The ghost of tyreese12 the Cleaver, a novice DsBe of Trog (D:10)
  A fire crab (shapeshifter) (D:8)
  Prince Ribbit (Bailey)
  3 yaks (Lair:1)
  A steam dragon (Lair:5)
11 creatures vanquished.

Grand Total: 609 creatures vanquished

Notes
Turn   | Place    | Note
-------+----------+-------------------------------------------
     0 | D:1      | eliilek the Minotaur Fighter began the quest for the Orb.
     0 | D:1      | Reached XP level 1. HP: 19/19 MP: 0/0
   105 | D:1      | Reached XP level 2. HP: 27/27 MP: 1/1
   113 | D:1      | Found a faded altar of an unknown god.
   152 | D:1      | Prayed at the altar of an unknown god.
   152 | D:1      | Became a worshipper of Trog the Wrathful
   152 | D:1      | Reached * piety under Trog
   644 | D:2      | Reached XP level 3. HP: 19/33 MP: 2/2
   819 | D:2      | Found a runed translucent door.
   820 | D:2      | Identified the +3 hammer of the Threshing Augurer {flame,
                  | Will- Str+2 Dex+4}
   820 | D:2      | Noticed Crazy Yiuf
   829 | D:2      | Killed Crazy Yiuf
   830 | D:2      | Reached XP level 4. HP: 7/41 MP: 3/3
  1224 | D:2      | Reached ** piety under Trog
  1583 | D:3      | Identified 2 scrolls of acquirement
  1583 | D:3      | Acquired 854 gold pieces
  1633 | D:3      | Reached XP level 5. HP: 33/47 MP: 4/4
  1771 | D:3      | Noticed Terence
  1781 | D:3      | Reached skill level 5 in Armour
  1781 | D:3      | Reached skill level 5 in Shields
  1781 | D:3      | Killed Terence
  1782 | D:3      | Reached skill level 5 in Fighting
  1811 | D:3      | Reached XP level 6. HP: 40/56 MP: 5/5
  1811 | D:3      | Found a glowing drain.
  1861 | Sewer    | Entered a sewer
  1988 | Sewer    | Reached *** piety under Trog
  2119 | Sewer    | Reached skill level 5 in Maces & Flails
  2119 | Sewer    | Reached XP level 7. HP: 49/62 MP: 6/6
  2803 | D:3      | Found Doenurgh's Assorted Antiques.
  2809 | D:3      | Bought a thin bone amulet for 145 gold pieces
  2842 | D:3      | Found a glowing golden altar of the Shining One.
  3154 | D:4      | Reached **** piety under Trog
  3419 | D:4      | Found a large runed translucent door.
  3420 | D:4      | Found a large runed translucent door.
  3446 | D:4      | Found a glowing silver altar of Zin.
  3453 | D:4      | Found a radiant altar of Vehumet.
  3896 | D:5      | Entered Level 5 of the Dungeon
  4019 | D:5      | Reached XP level 8. HP: 71/71 MP: 7/7
  4362 | D:5      | Noticed Duvessa
  4387 | D:5      | Killed Duvessa
  4397 | D:5      | Noticed Dowan
  4408 | D:5      | Killed Dowan
  4414 | D:5      | Noticed Sigmund
  4422 | D:5      | Killed Sigmund
  4883 | D:6      | Identified the +5 quarterstaff of Premature Burial {heavy,
                  | rN+ Dex+3 SInv}
  4957 | D:6      | Found a staircase to the Ecumenical Temple.
  5005 | D:6      | Found a sand-covered staircase.
  5011 | Ossuary  | Entered an ossuary
  5151 | Ossuary  | Reached ***** piety under Trog
  5242 | Ossuary  | Reached XP level 9. HP: 62/81 MP: 8/8
  5250 | Ossuary  | Noticed Menkaure
  5253 | Ossuary  | Killed Menkaure
  6010 | D:6      | Found Ea-nāṣir's Fine Metal Goods.
  6014 | D:6      | Bought a glowing kite shield for 172 gold pieces
  6014 | D:6      | Bought a glowing chain mail for 172 gold pieces
  6426 | D:7      | Found a flagged portal.
  6432 | Bailey   | Entered a bailey
  6564 | Bailey   | Reached XP level 10. HP: 91/91 MP: 9/9
  6581 | Bailey   | Reached skill level 10 in Shields
  6585 | Bailey   | Identified the +6 great mace of the Big Fish {heavy, Dex+4}
                  | (Trog gifted it to you in a bailey)
  6585 | Bailey   | Received a gift from Trog
  6605 | Bailey   | Noticed Prince Ribbit
  6605 | Bailey   | Noticed a vault guard
  6615 | Bailey   | Killed a vault guard
  6616 | Bailey   | Reached skill level 10 in Maces & Flails
  6618 | Bailey   | Killed Prince Ribbit
  6643 | Bailey   | Identified the +1 scale mail of Rexab {rPois}
  6669 | Bailey   | Noticed a vault guard
  6680 | Bailey   | Killed a vault guard
  6681 | Bailey   | Reached skill level 1 in Dodging
  6813 | D:7      | Reached skill level 10 in Armour
  7260 | D:8      | Reached skill level 10 in Fighting
  7448 | D:8      | Found a staircase to the Lair.
  7456 | D:8      | Noticed a tengu warrior
  7471 | D:8      | Killed a tengu warrior
  7472 | D:8      | Reached XP level 11. HP: 60/100 MP: 10/10
  7541 | D:8      | Noticed a boulder beetle
  7558 | D:8      | Killed a boulder beetle
  7582 | D:8      | Noticed a fire crab
  7617 | D:8      | Killed a fire crab
  7700 | D:8      | Identified the +0 long sword of Noeqeis {freeze, rPois
                  | Str-4 Int+2 Dex+2}
  7759 | D:8      | Identified the +8 plate armour of Toothy New Discoveries
                  | {MP+9}
  8302 | Lair:1   | Entered Level 1 of the Lair of Beasts
  8380 | Lair:1   | Noticed a deep troll
  8386 | Lair:1   | Killed a deep troll
  8675 | Lair:1   | Reached skill level 5 in Dodging
  9381 | Lair:2   | Found a staircase to the Snake Pit.
  9391 | Lair:2   | Found a staircase to the Shoals.
  9472 | Lair:2   | Reached XP level 12. HP: 110/110 MP: 11/11
  9959 | Lair:3   | Noticed an eight-headed hydra
  9979 | Lair:3   | Killed an eight-headed hydra
  9992 | Lair:3   | Received a gift from Trog
 11475 | Lair:4   | Noticed a boulder beetle
 11499 | Lair:4   | Killed a boulder beetle
 11499 | Lair:4   | Received a gift from Trog
 11500 | Lair:4   | Reached XP level 13. HP: 96/122 MP: 12/12
 11829 | Lair:4   | Found a staircase to the Slime Pits.
 11829 | Lair:4   | Found a viscous altar of Jiyva.
 12280 | Lair:5   | Entered Level 5 of the Lair of Beasts
 12454 | Lair:5   | Reached ****** piety under Trog
 12652 | Lair:5   | Received a gift from Trog
 12801 | Lair:5   | Reached XP level 14. HP: 92/133 MP: 13/13
 12828 | Lair:5   | Reached skill level 15 in Shields
 13106 | Lair:5   | Reached skill level 15 in Fighting
 13113 | Lair:5   | Reached skill level 15 in Armour
 13308 | Lair:5   | Identified the +2 robe of the Centipede {Int+3 Stlth+}
 13806 | D:9      | Found a broken altar of Ashenzari.
 13836 | D:9      | Found Lesiut's Changing Room.
 13881 | D:9      | Noticed Maurice
 13892 | D:9      | Killed Maurice
 13969 | D:9      | Noticed Grum
 13984 | D:9      | Killed Grum
 14196 | D:9      | Received a gift from Trog
 14628 | D:10     | Entered Level 10 of the Dungeon
 14711 | D:10     | Noticed Gastronok
 14722 | D:10     | Killed Gastronok
 15160 | D:10     | Found a large runed translucent door.
 15161 | D:10     | Found a large runed translucent door.
 15165 | D:10     | Noticed tyreese12's ghost (novice DsBe)
 15176 | D:10     | Killed tyreese12's ghost
 15497 | Shoals:1 | Entered Level 1 of the Shoals
 15784 | Shoals:1 | Slain by a faun

Illustrated notes

Levels and vault maps discovered:
D:1:      roderic_octagonal_star, layout_loops_ring,
          ebering_ecumenical_altar_petrified, dk_noncrumbling_3
D:2:      layout_loops_ring, uniq_crazy_yiuf_cottage
D:3:      layout_rooms, nicolae_tso_swordbearing_angel, serial_shops, shop,
          portal_sewer_entry_d, grunt_decor_junction, uniq_terence
D:4:      layout_basic, jmf_multi_god_temple2, serial_rivers,
          chequers_serial_rivers_small_3, chequers_serial_rivers_large_a,
          chequers_serial_rivers_room_a, chequers_serial_rivers_marsh,
          chequers_serial_rivers_large_b, chequers_serial_rivers_micro_e
D:5:      layout_basic, uniq_duvessa, uniq_sigmund
D:6:      layout_basic, temple_green, nicolae_ossuary_entry_giza,
          nicolae_benzene_ring, nicolae_ea-nasir_strikes_again,
          grunt_ministairs_8, kennysheep_decorative_pillar, minivault_22
D:7:      layout_loops_ring, enter_bailey_3
D:8:      lemuel_ice_statue, layout_cave_pools, dpeg_oklobed_lair,
          serial_column_ruins, column_ruins_hut_ruined,
          column_ruins_circle_small, column_ruins_open_medium,
          column_ruins_columns_dead_end, column_ruins_open_small,
          column_ruins_grid_2, column_ruins_grid_1, column_ruins_open_medium,
          minmay_misc_feat_more_columns, minmay_evil_grid
D:9:      nicolae_hitomezashi [nicolae_hito_row, nicolae_hito_row,
          nicolae_hito_row, nicolae_hito_row, nicolae_hito_row,
          nicolae_hito_row, nicolae_hito_row, nicolae_hito_row,
          nicolae_hito_row, nicolae_hito_row, nicolae_hito_row,
          nicolae_hito_row, nicolae_hito_row, nicolae_hito_row,
          nicolae_hito_row, nicolae_hito_row, nicolae_hito_row,
          nicolae_hito_row], layout_layer_cave, ashenzari_altar_1,
          nicolae_transmutations_shop, grunt_ministairs_2, uniq_grum,
          uniq_maurice
D:10:     layout_loops_ring, ebering_ghost_disaster_area, serial_bayou,
          serial_bayou_pond_a, serial_bayou_pond_d, serial_bayou_pond_e,
          serial_bayou_lagoon_b, uniq_gastronok
Lair:1:   dreamdust_cave_troll, layout_gridlike, grunt_forest_small_clearings
Lair:2:   layout_chaotic_city, shoals_dummy_entry, guppyfry_snake_entry_garden
Lair:3:   layout_hall_layers, beast_lair_carwin_10
Lair:4:   layout_layer_cave, minmay_slime_entry_pillars,
          infiniplex_staircase_pool_2
Lair:5:   gammafunk_lair_ancient_temple, layout_misc_corridors
Shoals:1: layout_shoals, nicolae_shoals_enchanted_isle, uniq_kirke,
          uniq_mlioglotl

Skill      XL: |  1  2  3  4  5  6  7  8  9 10 11 12 13 14 |
---------------+-------------------------------------------+-----
Armour         | 4 5 6 8 9 10 14 15 | 15.4
Fighting       | 4 5 6 7 9 10 11 13 14 15 | 15.5
Maces & Flails | 3 4 5 7 9 11 13 14 | 14.8
Shields        | 4 5 6 7 9 10 11 13 14 15 | 15.4
Dodging        | 2 5 8 |  8.0

Action                     |  1- 3 |  4- 6 |  7- 9 | 10-12 | 13-15 || total
---------------------------+-------+-------+-------+-------+-------++-------
  Melee: Flail             |    39 |       |       |       |       ||    39
         Headbutt          |     5 |    13 |    57 |   143 |   154 ||   372
         Mace              |     4 |   115 |   317 |   543 |   622 ||  1601
 Invoke: Berserk           |       |     1 |       |     1 |     1 ||     3
         Trog's Hand       |       |       |     1 |       |     1 ||     2
         Brothers in Arms  |       |       |       |     3 |     2 ||     5
    Use: Scroll            |       |     3 |    15 |    11 |     5 ||    34
         Potion            |       |       |       |       |     2 ||     2
 Armour: Scale mail        |    25 |    50 |     4 |       |       ||    79
         Chain mail        |       |       |   136 |    24 |       ||   160
         Plate armour      |       |       |       |   193 |   337 ||   530
  Dodge: Dodged            |    25 |    41 |    71 |   125 |   270 ||   532
  Block: Buckler           |     2 |    30 |    48 |       |       ||    80
         Kite shield       |       |       |    36 |   306 |   498 ||   840
